 Dungeon Crawl Stone Soup version 0.31-a0-1570-g93c622d222 (webtiles) character file.

Game seed: 15101326354806716920

161 Joey1 the Chopper (level 5, -2/47 HPs)
             Began as a Minotaur Berserker on Jan 3, 2024.
             Was a Believer of Trog.
             Incinerated by a bombardier beetle (6 damage)
             ... with a burning spray
             ... on level 4 of the Dungeon.
             The game lasted 00:03:04 (2395 turns).

Joey1 the Chopper (Minotaur Berserker)              Turns: 2395, Time: 00:03:05

Health: -2/47      AC:  8    Str: 24    XL:     5   Next: 19%
Magic:  4/4        EV: 10    Int:  4    God:    Trog [**....]
Gold:   147        SH:  5    Dex:  9    Spells: 4/4 levels left

rFire   . . .        a - +0 hand axe
rCold   . . .        (no shield)
rNeg    . . .        i - +0 scale mail
rPois   .            (helmet restricted)
rElec   .            j - +0 cloak
rCorr   .            (no gloves)
SInv    .            (no boots)
Will    .....        l - amulet of reflection Stlth
                     (no ring)
HPRegen 0.27/turn    (no ring)
MPRegen 0.09/turn

%: reflection
@: on fire, on berserk cooldown, slowed, glowing, very slow
A: horns 2, retaliatory headbutt
a: Renounce Religion, Berserk, Trog's Hand


You were on level 4 of the Dungeon.
You worshipped Trog.
Trog was pleased with you.
You visited 1 branch of the dungeon, and saw 4 of its levels.

You collected 147 gold pieces.

Inventory:

Hand Weapons
 a - a +0 hand axe (weapon)
Armour
 b - a +0 animal skin
 i - a +0 scale mail (worn)
 j - a +0 cloak (worn)
 n - a +0 tower shield
Jewellery
 l - an amulet of reflection (around neck)
Wands
 m - a wand of flame (11)
Scrolls
 f - 3 scrolls of teleportation {unknown}
 g - a scroll of identify {unknown}
 h - a scroll of torment {unknown}
 k - 2 scrolls of brand weapon {unknown}
 p - a scroll of immolation {unknown}
Potions
 c - a potion of haste {unknown}
 d - a potion of enlightenment {unknown}
 e - 4 potions of curing {unknown}
 o - a potion of heal wounds {unknown}


   Skills:
 + Level 4.7 Fighting
 * Level 5.0 Axes
 - Level 3.5 Armour
 - Level 3.1 Dodging
 + Level 1.3 Shields


You had 4 spell levels left.
You didn't know any spells.
Your spell library was empty.

Dungeon Overview and Level Annotations

Branches:
Dungeon (4/15)
 Temple: D:4-7

Altars:
Okawaru
Uskayaw

Shops:
D:3 [


Innate Abilities, Weirdness & Mutations

You have a pair of horns on your head.
You reflexively headbutt those who attack you in melee.


Message History

The burning spray hits you.
You are even more covered in liquid fire!
Press: ? - help, v - describe, . - travel
Here: a bombardier beetle (heavily wounded)
The floor.
A red film seems to cover your vision as you go berserk!
You feel yourself moving faster!
You feel mighty! The liquid fire burns you!
You slash the bombardier beetle!
You kill the bombardier beetle!
Trog accepts your kill. The liquid fire burns you!
Your Axes skill increases to level 5!
You have reached level 5!
You are on fire!
You are on fire!
You are on fire!
You are on fire!
You shake off some of the fire as you move.
The liquid fire burns you!
* * * LOW HITPOINT WARNING * * *
You shake off some of the fire as you move.
You feel a strong urge to attack something.
The liquid fire burns you!
* * * LOW HITPOINT WARNING * * *
There is a stone staircase leading down here.
The liquid fire burns you!
* * * LOW HITPOINT WARNING * * *
You feel your anger nearly subside. The liquid fire burns you!
* * * LOW HITPOINT WARNING * * *
The liquid fire burns you!
* * * LOW HITPOINT WARNING * * *
You are no longer berserk.
You are exhausted.
You feel yourself slow down. The liquid fire burns you!
* * * LOW HITPOINT WARNING * * *
The liquid fire burns you!
You die...

... #.#.# ..... #.#.#
#.#.# #####.#.#
........# #####..@#
#.......# #.###..## #..#
#..# .. #..# ######...
.#####..# #.###........
........# #...........##
.######.#######.####....


There were no monsters in sight!

Vanquished Creatures
  A howler monkey (D:3)
  A bombardier beetle (D:4)
  Terence (D:3)
  An adder (D:2)
  4 dart slugs
  2 ball pythons
  6 endoplasms
  2 giant cockroaches
  3 goblins
  7 hobgoblins
  7 jackals
  2 quokkas
  2 bats
  2 frilled lizards
  2 kobolds
  5 rats
48 creatures vanquished.

Notes
Turn   | Place    | Note
-------+----------+-------------------------------------------
     0 | D:1      | Joey1 the Minotaur Berserker began the quest for the Orb.
     0 | D:1      | Reached XP level 1. HP: 19/19 MP: 0/0
    49 | D:1      | Reached XP level 2. HP: 15/27 MP: 1/1
   428 | D:1      | Reached skill level 4 in Axes
   853 | D:2      | Reached XP level 3. HP: 33/33 MP: 2/2
   888 | D:2      | Reached ** piety under Trog
  1573 | D:3      | Found an iron altar of Okawaru.
  1819 | D:3      | Noticed Terence
  1826 | D:3      | Killed Terence
  1827 | D:3      | Reached XP level 4. HP: 41/41 MP: 3/3
  1984 | D:3      | Reached skill level 1 in Shields
  2010 | D:3      | Found Lyisk's Armour Boutique.
  2117 | D:3      | Found a hide-covered altar of Uskayaw.
  2373 | D:4      | Identified the +6 dagger "Tajubo" {speed, rN++}
  2389 | D:4      | Reached skill level 5 in Axes
  2389 | D:4      | Reached XP level 5. HP: 25/47 MP: 4/4
  2395 | D:4      | Incinerated by a bombardier beetle

Illustrated notes

Levels and vault maps discovered:
D:1:      erik_arrival_cave_to_civilisation [erik_arrival_cave_to_hall],
          layout_basic
D:2:      layout_basic
D:3:      layout_basic, nicolae_uskayaw_suspiria, mainiacjoe_overflow_24_doors,
          serial_shops, nicolae_shop_temple_entry_statues_fountains,
          uniq_terence
D:4:      layout_loops_ring, mainiacjoe_overflow_alcove_4,
          minmay_temple_entry_gardened_gates, minmay_circle_x, uniq_eustachio,
          uniq_menkaure, uniq_duvessa

Skill      XL: |  1  2  3  4 |
---------------+-------------+-----
Axes           | 4 5 |  5.0
Fighting       | 4 |  4.7
Armour         | 3 |  3.5
Dodging        | 3 |  3.1
Shields        | 1 |  1.3

Action                     |  1- 3 |  4- 6 || total
---------------------------+-------+-------++-------
  Melee: Hand axe          |    87 |    16 ||   103
         Headbutt          |    14 |     3 ||    17
         Punch             |     1 |       ||     1
 Invoke: Berserk           |       |     1 ||     1
 Armour: Animal skin       |    11 |       ||    11
         Scale mail        |    35 |     6 ||    41
  Dodge: Dodged            |    52 |     5 ||    57
  Block: Other             |     3 |     1 ||     4

Table legend: (Time is in decaauts)
 A = Elapsed time spent in this place.
 B = Non-inter-level travel time spent in this place.
 C = Inter-level travel time spent in this place.
 D = Time resting spent in this place.
 E = Time spent auto-exploring this place.
 F = Levels seen in this place.
 G = Mean time per level.
                   A        B        C        D        E       F      G
               +--------+--------+--------+--------+--------+-----+--------+
         Total |   2402 |   2194 |    208 |      0 |   1892 |   4 |  600.5 |
       Dungeon |   2402 |   2194 |    208 |      0 |   1892 |   4 |  600.5 |
               +--------+--------+--------+--------+--------+-----+--------+

Top non-repeatable levels by time:
     D:3: 924 daAuts
     D:1: 852 daAuts
     D:2: 595 daAuts
     D:4: 30 daAuts
